AoeStats
← juankmolo

Arabia

510006074Analyzed
2v2 RM · 3d ago on Sep 29, 2026· 43m 11s· 4 players
Game mode
Random Map
Map size
Medium (4 player)
Population
200
Speed
Normal
Resources
Standard
Victory
Conquest
Starting age
Dark Age
Ending age
Imperial Age
RankedLock teamsTeams togetherTeam positionsShared explorationLock speedFull tech treeHidden civsTurbo modeCheats
Victory
Defeat
🇺🇸 Magyars · United States
1029
+15
🇺🇸 Persians · United States
991
+17
🇨🇴 Malay · Colombia
1022
-16
🇨🇴 Spanish · Colombia
999
-16
tiny_p
4:54 Loom
7:08 Loom
10:01 Feudal Age
10:54 Double-Bit Axe
10:50 Horse Collar
16:52 Scale Barding Armor
19:51 Wheelbarrow
19:32 Gold Mining
22:32 Castle Age
21:31 Bloodlines
21:16 Fletching
23:10 Bodkin Arrow
23:20 Husbandry
23:59 Bow Saw
24:35 Padded Archer Armor
25:06 Heavy Plow
24:41 Light Cavalry
26:18 Chain Barding Armor
27:20 Thumb Ring
27:44 Ballistics
30:38 Gold Shaft Mining
32:32 Town Watch
33:16 Stone Mining
33:20 Town Watch
39:02 Imperial Age
41:12 Two-Man Saw
41:37 Conscription
42:50 Bracer
43:06 Leather Archer Armor
44:08 Crop Rotation
44:49 Chemistry
IPFOUNTAINS
11:57 Feudal Age
13:22 Double-Bit Axe
14:54 Wheelbarrow
14:40 Horse Collar
15:11 Loom
16:36 Fletching
16:47 Padded Archer Armor
19:31 Gold Mining
19:34 Stone Mining
24:48 Castle Age
25:17 Husbandry
25:39 Bow Saw
25:33 Heavy Plow
25:41 Thumb Ring
25:09 Light Cavalry
26:04 Bloodlines
25:39 Crossbowman
27:49 Hand Cart
28:02 Ballistics
27:40 Murder Holes
28:04 Town Watch
29:33 Kamandaran
30:41 Town Patrol
35:12 Imperial Age
35:03 Capped Ram
38:30 Siege Ram
41:27 Two-Man Saw
41:15 Crop Rotation
40:47 Bodkin Arrow
41:08 Leather Archer Armor
43:29 Conscription
juankmolo
3:09 Loom
11:26 Feudal Age
16:36 Castle Age
16:01 Double-Bit Axe
17:14 Horse Collar
17:41 Stone Mining
21:45 Scale Barding Armor
21:46 Heavy Plow
25:56 Wheelbarrow
25:07 Town Watch
25:21 Gold Mining
27:32 Hand Cart
28:43 Chain Barding Armor
28:35 Forging
30:35 Bow Saw
33:43 Imperial Age
34:45 Elite Skirmisher
39:42 Elite Conquistador
danilocanase
9:40 Feudal Age
8:22 Loom
17:44 Double-Bit Axe
17:39 Horse Collar
23:34 Castle Age
22:56 Padded Archer Armor
22:47 Fletching
26:54 Scale Barding Armor
27:21 Gold Mining
28:07 Bodkin Arrow
29:49 Elite Skirmisher
38:25 Man-at-Arms
39:41 Squires
39:15 Long Swordsman
42:24 Forging
Connection lost

Rejoining the realm…

Still unreachable

The connection could not be restored.

Session expired

The server has moved on; the page needs a fresh start.